AoeStats
← Ypsilon

Lombardia

509226248Analyzed
4v4 RM · 7d ago on Sep 26, 2026· 36m 11s· 8 players
Game mode
Random Map
Map size
Large (8 player)
Population
200
Speed
Normal
Resources
Standard
Victory
Conquest
Starting age
Dark Age
Ending age
Imperial Age
RankedLock teamsTeams togetherTeam positionsShared explorationLock speedFull tech treeHidden civsTurbo modeCheats
Victory
Defeat
🇺🇸 Berbers · United States
1259
+13
🇧🇷 Khmer · Brazil
1228
+14
🇧🇷 Khitans · Brazil
1204
+15
🇲🇽 Varangians · Mexico
1128
+18
🇦🇷 Bohemians · Argentina
1263
-18
🇨🇱 Hindustanis · Chile
1192
-15
🇵🇪 Spanish · Peru
1181
-15
🇦🇷 Shu · Argentina
1113
-35
JP 2
10:29 Loom
12:14 Feudal Age
16:33 Castle Age
15:05 Double-Bit Axe
15:33 Horse Collar
18:19 Heavy Plow
19:23 Wheelbarrow
18:59 Bow Saw
20:50 Town Watch
23:16 Town Patrol
23:34 Town Patrol
23:57 Fortified Wall
25:03 Hand Cart
26:23 Gold Mining
26:23 Stone Mining
28:14 Coinage
27:45 Caravan
33:31 Imperial Age
32:14 Scale Mail Armor
32:24 Forging
33:30 Chain Mail Armor
34:58 Iron Casting
35:03 Banking
35:01 Fletching
35:02 Guard Tower
36:13 Chemistry
35:34 Ballistics
35:19 Siege Engineers
Magicnet
13:10 Feudal Age
16:58 Castle Age
15:14 Padded Archer Armor
15:17 Double-Bit Axe
16:49 Bloodlines
16:51 Horse Collar
20:46 Loom
25:14 Stone Mining
26:45 Bow Saw
28:07 Heavy Plow
32:20 Imperial Age
29:56 Gold Mining
30:41 Ballistics
30:43 Town Watch
31:34 Wheelbarrow
31:38 Wheelbarrow
31:22 Leather Archer Armor
32:23 Stone Shaft Mining
32:32 Husbandry
33:37 Conscription
34:38 Ring Archer Armor
35:01 Elite Conquistador
35:44 Scale Mail Armor
35:54 Forging
Belmont
12:08 Feudal Age
16:02 Castle Age
15:41 Double-Bit Axe
18:58 Chemistry
22:07 Loom
Knighted
9:41 Loom
11:26 Feudal Age
14:49 Wheelbarrow
16:30 Castle Age
14:28 Double-Bit Axe
14:31 Horse Collar
15:58 Fletching
16:05 Gold Mining
17:26 Wheelbarrow
16:45 Crossbowman
19:44 Thumb Ring
21:42 Town Watch
23:03 Bodkin Arrow
23:08 Padded Archer Armor
24:53 Bow Saw
27:32 Leather Archer Armor
29:58 Hand Cart
31:54 Ballistics
34:09 Imperial Age
31:58 Pikeman
32:23 Gambesons
32:38 Squires
32:23 Arson
32:49 Arson
33:04 Squires
33:15 Squires
33:00 Arson
34:14 Scale Mail Armor
34:25 Forging
35:25 Arbalester
Ralf, o fareja noob
10:33 Feudal Age
14:20 Castle Age
12:20 Double-Bit Axe
17:34 Wheelbarrow
20:31 Domestication
22:11 Bow Saw
22:54 Fletching
25:42 Bodkin Arrow
26:50 Pastoralism
29:15 Padded Archer Armor
29:44 Thumb Ring
29:01 Heavy Cavalry Archer
33:32 Imperial Age
33:10 Leather Archer Armor
33:52 Ballistics
34:26 Bracer
34:57 Ring Archer Armor
35:30 Chemistry
35:00 Parthian Tactics
34:43 Husbandry
Ypsilon
11:15 Feudal Age
13:59 Castle Age
11:48 Double-Bit Axe
14:56 Bow Saw
14:29 Horse Collar
18:30 Heavy Plow
20:11 Stone Mining
20:12 Loom
22:01 Wheelbarrow
22:05 Stone Shaft Mining
21:53 Gold Mining
24:04 Gold Shaft Mining
24:31 Hand Cart
25:11 Bloodlines
25:03 Husbandry
28:25 Light Cavalry
32:56 Imperial Age
31:51 Forging
31:46 Scale Barding Armor
32:32 Caravan
34:29 Conscription
35:12 Chemistry
34:31 Elite Ballista Elephant
35:17 Hussar
36:19 Chain Barding Armor
36:35 Ballistics
WhY.So.SeRiOuS
13:09 Feudal Age
17:12 Castle Age
15:34 Forging
15:31 Double-Bit Axe
16:36 Scale Barding Armor
18:32 Iron Casting
18:32 Bow Saw
23:18 Bloodlines
27:26 Chain Barding Armor
26:54 Loom
30:51 Husbandry
30:56 Horse Collar
31:47 Heavy Plow
33:31 Wheelbarrow
jorgeage34
5:23 Loom
11:05 Feudal Age
11:46 Double-Bit Axe
11:43 Horse Collar
13:23 Bloodlines
20:14 Castle Age
19:42 Gold Mining
21:28 Bow Saw
21:21 Husbandry
21:39 Scale Barding Armor
22:49 Chain Barding Armor
22:53 Heavy Plow
24:08 Forging
28:34 Iron Casting
29:20 Gambesons
29:36 Squires
31:23 Wheelbarrow
33:40 Imperial Age
30:40 Vendel Legacy
31:29 Arson
32:07 Stone Mining
33:36 Hand Cart
33:09 Town Watch
34:10 Fletching
35:16 Town Patrol
36:19 Two-Man Saw
35:53 Crop Rotation
35:47 Conscription
Connection lost

Rejoining the realm…

Still unreachable

The connection could not be restored.

Session expired

The server has moved on; the page needs a fresh start.